 Dungeon Crawl Stone Soup version 0.22.1-1-ga44c0e56f4 (webtiles) character file.

1288 Knicklaso the Geomancer (level 8, -1/48 HPs)
             Began as a Gargoyle Earth Elementalist on Oct 5, 2018.
             Slain by an ice beast (14 damage)
             ... on level 5 of the Dungeon.
             The game lasted 00:20:42 (5617 turns).

Knicklaso the Geomancer (GrEE)                      Turns: 5617, Time: 00:20:44

Health: -1/48      AC: 11    Str: 15    XL:     8   Next: 55%
Magic:  13/14      EV: 16    Int: 18    God:
Gold:   253        SH:  0    Dex: 10    Spells: 10/16 levels left

rFire    . . .     SeeInvis +   v - +0 dagger (venom)
rCold    . . .     Gourm    .   (no shield)
rNeg     + . .     Faith    .   i - +1 robe {MR+}
rPois    ∞         Spirit   .   (no helmet)
rElec    +         Reflect  .   p - scarf {repulsion}
rCorr    .         Harm     .   h - +1 pair of gloves {Str+3}
MR       +....                  m - +0 pair of boots
Stlth    ++........             (no amulet)
HPRegen  0.16/turn              o - +3 ring of evasion
MPRegen  0.14/turn              c - ring of see invisible

@: repel missiles
A: negative energy resistance 1, electricity resistance, unbreathing,
petrification resistance, rot immunity, AC +5
a: no special abilities


You were on level 5 of the Dungeon.
You were not hungry.

You visited 1 branch of the dungeon, and saw 5 of its levels.

You collected 368 gold pieces.
You spent 115 gold pieces at shops.

Inventory:

Hand Weapons
 v - a +0 dagger of venom (weapon)
Missiles
 b - 191 stones (quivered)
Armour
 h - a +1 pair of gloves of strength (worn)
 i - a +1 robe of magic resistance (worn)
 m - a +0 pair of boots (worn)
 p - a scarf of repulsion (worn)
Jewellery
 c - a ring of see invisible (right hand)
 o - a +3 ring of evasion (left hand)
 D - an uncursed amulet of regeneration {unknown}
Wands
 s - a wand of paralysis (27)
 A - a wand of acid (3)
Scrolls
 a - 4 scrolls of remove curse
 e - 4 scrolls of teleportation
 g - a scroll of blinking {unknown}
 j - a scroll of fog {unknown}
 l - 7 scrolls of identify
 n - 4 scrolls of amnesia {unknown}
 t - a scroll of random uselessness {unknown}
 w - a scroll of magic mapping {unknown}
 y - 2 scrolls of immolation
 C - a scroll of enchant weapon {unknown}
Potions
 f - a potion of might
 k - 2 potions of cancellation {unknown}
 q - a potion of heal wounds {unknown}
 r - a potion of brilliance {unknown}
 u - a potion of curing {unknown}
 x - a potion of berserk rage {unknown}
 z - a potion of flight {unknown}
 E - a potion of magic {unknown}
 F - a potion of degeneration {unknown}
Comestibles
 d - 9 rations
 B - 12 chunks of flesh


   Skills:
 + Level 4.8 Fighting
 + Level 3.3 Dodging
 - Level 2.1 Stealth
 + Level 4.5 Spellcasting
 + Level 1.7 Conjurations
 - Level 0.7 Transmutations
 * Level 8.6 Earth Magic


You had 10 spell levels left.
You knew the following spells:

 Your Spells              Type           Power        Failure   Level  Hunger
a - Sandblast             Erth           #####.       1%          1    None
b - Passwall              Tmut/Erth      ###.....     3%          2    #......
c - Stone Arrow           Conj/Erth      ###...       4%          3    ###....

Your spell library contained the following spells:

 Spells                   Type           Power        Failure   Level  Hunger
 Lee's Rapid Deconstruct  Erth           #####.....   11%         5    ######.
 Petrify                  Tmut/Erth      ###.....     21%         4    ####...


Dungeon Overview and Level Annotations

Branches:
Dungeon (5/15)
 Temple: D:4-7

Altars:
Ashenzari
Hepliaklqana
Qazlal
Yredelemnul
The Shining One

Shops:
D:4 ?


Innate Abilities, Weirdness & Mutations

You are resistant to torment.
Your stone body is resilient. (AC +5)
You are immune to poison.
You resist negative energy. (rN+)
You are resistant to electric shocks. (rElec)
You can survive without breathing.
You are immune to petrification.
You are immune to rotting.


Message History

You are too injured to fight recklessly!
You are too injured to fight recklessly!
You are too injured to fight recklessly!
You are too injured to fight recklessly!
You are too injured to fight recklessly!
You are too injured to fight recklessly!
You are too injured to fight recklessly!
You are too injured to fight recklessly!
Casting: Stone Arrow (safe; 4% risk of failure)
Confirm with . or Enter, or press ? or * to list all spells.
Aiming: Sandblast (safe; 1% risk of failure)
Press: ? - help, Shift-Dir - straight line, f - ice beast
Aim: an ice beast The blast of sand hits the ice beast.
The ice beast is lightly wounded.
b - 191 stones The ice beast hits you.
* * * LOW HITPOINT WARNING * * *
The ice beast freezes you!
You die...

########## #......... #.........
## #......... .# ### ###
#......... .###.# #.###
#......... ..##.# #...#
#.Z....... #.##.# #...### #Y#
#.##.# ##....###@### .. #..#.#
##.....)...# #..# ##.#.###
###.......# ###.##### #.....#
##.#.....# #...#...#
###.#.####..#.#..#######........
#.#......##.#..........#......
#.####.####...........##......
#........# #....#####..##....<.
#........# ...... #....##..<..


You could see an ice beast and a worker ant zombie.

Vanquished Creatures
  Sigmund (D:4)
  The ghost of Sverke the Chopper, an amateur HOBe of Trog (D:4)
  A phantom (D:4)
  An ogre (D:4)
  A crimson imp (D:5)
  A bullfrog zombie (D:5)
  2 orc priests
  An iguana (D:4)
  2 hounds
  4 orc wizards
  Jessica (D:3)
  Ijyb (D:3)
  Natasha (thrice) (D:3)
  4 worker ants
  A hound skeleton (D:4)
  12 adders
  A shadow imp (D:5)
  An adder skeleton (D:4)
  5 worms
  3 dart slugs
  3 leopard geckos
  21 orcs
  3 giant cockroaches
  6 goblins
  10 hobgoblins
  2 jackals
  2 quokkas
  7 bats
  5 frilled lizards
  6 kobolds
  8 rats
120 creatures vanquished.

Vanquished Creatures (others)
  2 withered plants (D:4)
2 creatures vanquished.

Grand Total: 122 creatures vanquished

Notes
Turn   | Place    | Note
-------+----------+-------------------------------------------
     0 | D:1      | Knicklaso the Gargoyle Earth Elementalist began the quest
                  | for the Orb.
     0 | D:1      | Reached XP level 1. HP: 10/10 MP: 3/3
   226 | D:1      | Reached XP level 2. HP: 14/16 MP: 0/5
   293 | D:1      | Reached skill level 4 in Earth Magic
   446 | D:1      | Reached skill level 1 in Fighting
   819 | D:2      | Reached XP level 3. HP: 20/20 MP: 6/6
  1464 | D:2      | Reached XP level 4. HP: 22/26 MP: 3/7
  1964 | D:2      | Reached skill level 5 in Earth Magic
  2390 | D:3      | Reached XP level 5. HP: 15/30 MP: 7/9
  2503 | D:3      | Noticed Ijyb
  2538 | D:3      | Killed Ijyb
  2829 | D:3      | Found a shattered altar of Ashenzari.
  2938 | D:3      | Reached skill level 6 in Earth Magic
  2949 | D:3      | Learned a level 2 spell: Passwall
  2953 | D:3      | Learned a level 3 spell: Stone Arrow
  3075 | D:3      | Found a glowing golden altar of the Shining One.
  3076 | D:3      | Noticed Natasha
  3091 | D:3      | Killed Natasha
  3091 | D:3      | Reached XP level 6. HP: 28/36 MP: 10/10
  3223 | D:3      | Noticed Natasha
  3254 | D:3      | Killed Natasha
  3490 | D:3      | Noticed Jessica
  3499 | D:3      | Killed Jessica
  3504 | D:3      | Noticed Natasha
  3515 | D:3      | Killed Natasha
  3935 | D:4      | Reached XP level 7. HP: 40/41 MP: 12/12
  3962 | D:4      | Found Sieklih's Magic Scroll Shoppe.
  4003 | D:4      | Reached skill level 7 in Earth Magic
  4083 | D:4      | Bought a scroll of teleportation for 30 gold pieces
  4083 | D:4      | Bought a scroll of remove curse for 30 gold pieces
  4083 | D:4      | Bought a scroll of identify for 20 gold pieces
  4083 | D:4      | Bought a scroll of immolation for 35 gold pieces
  4183 | D:4      | Noticed Sigmund
  4206 | D:4      | Found a stormy altar of Qazlal.
  4297 | D:4      | Found a runed door.
  4298 | D:4      | Noticed Sverke's ghost (amateur HOBe)
  4408 | D:4      | Killed Sigmund
  4479 | D:4      | Found a basalt altar of Yredelemnul.
  4482 | D:4      | Found a hazy altar of Hepliaklqana.
  4507 | D:4      | Killed Sverke's ghost
  4507 | D:4      | Reached XP level 8. HP: 21/48 MP: 0/14
  4770 | D:4      | Reached skill level 8 in Earth Magic
  4933 | D:4      | Reached skill level 1 in Conjurations
  5218 | D:5      | Entered Level 5 of the Dungeon
  5617 | D:5      | Slain by an ice beast

Skill      XL: |  1  2  3  4  5  6  7  8 |
---------------+-------------------------+-----
Earth Magic    | 4 5 6 7 8 |  8.6
Fighting       | 1 2 3 4 |  4.8
Spellcasting   | 3 4 |  4.5
Dodging        | 2 3 |  3.3
Conjurations   | 1 |  1.7
Stealth        | |  2.1
Transmutations | |  0.7

Action                   |  1- 3 |  4- 6 |  7- 9 || total
-------------------------+-------+-------+-------++-------
Melee: Club              |     9 |       |       ||     9
       Unarmed           |     2 |       |       ||     2
       Whip              |    76 |    42 |       ||   118
       Dagger            |       |   177 |   220 ||   397
 Cast: Sandblast         |    21 |    10 |    34 ||    65
       Stone Arrow       |       |       |     6 ||     6
 Stab: Sleeping          |       |     2 |       ||     2
  Eat: Chunk             |     2 |     8 |     6 ||    16
Armor: Robe              |    30 |    80 |    61 ||   171
Dodge: Dodged            |    60 |   160 |   186 ||   406
       Deflected         |       |     2 |     2 ||     4
